 Dungeon Crawl Stone Soup version 0.29-a0-275-g389c0b56f3 (webtiles) character file.

Game seed: 8176899873951672228

21428 rabbitsville the Fighter (level 12, -1/118 HPs)
             Began as a Minotaur Fighter on Mar 9, 2022.
             Was a High Priest of Qazlal.
             Slain by a six-headed hydra (5 damage)
             ... on level 3 of the Lair of Beasts.
             The game lasted 01:16:27 (13954 turns).

rabbitsville the Fighter (Minotaur Fighter)        Turns: 13954, Time: 01:16:28

Health: -1/118     AC: 12    Str: 28    XL:     12   Next: 54%
Magic:  11/11      EV: 10    Int:  9    God:    Qazlal [*****.]
Gold:   868        SH: 14    Dex: 12    Spells: 11/11 levels left

rFire   . . .      SeeInvis .   t - +4 spear of the Gloaming {vorpal, Int+2}
rCold   + . .      Faith    .   c - +0 buckler
rNeg    . . .      Spirit   .   S - +2 leather armour {Will+}
rPois   .          Reflect  .   (helmet restricted)
rElec   .          Harm     .   M - +0 cloak
rCorr   .          Rampage  .   (no gloves)
Will    +....                   w - +0 pair of boots
Stlth   +.........              n - amulet of regeneration
HPRegen 1.09/turn               y - ring of protection from cold
MPRegen 0.12/turn               O - +6 ring of strength

@: protected from physical damage, repel missiles
A: horns 2, retaliatory headbutt
a: Renounce Religion, Upheaval, Elemental Force, Disaster Area


You were on level 3 of the Lair of Beasts.
You worshipped Qazlal.
Qazlal was extremely pleased with you.
You visited 2 branches of the dungeon, and saw 14 of its levels.
You also visited: Sewer.

You collected 868 gold pieces.

Inventory:

Hand Weapons
 a - a +0 war axe
 t - the +4 spear of the Gloaming (weapon) {vorpal, Int+2}
   (You found it on level 7 of the Dungeon)

   It inflicts extra damage upon your enemies.
   Int:       It affects your intelligence (+2).
Missiles
 k - 37 poisoned darts (quivered)
 G - a throwing net
Armour
 c - a +0 buckler (worn)
 w - a +0 pair of boots (worn)
 x - a scarf of invisibility
 M - a +0 cloak (worn)
 S - a +2 leather armour of willpower (worn)
Jewellery
 m - an amulet of the acrobat
 n - an amulet of regeneration (around neck)
 y - a ring of protection from cold (left hand)
 C - an amulet of guardian spirit
 E - an amulet of magic regeneration
 O - a +6 ring of strength (right hand)
 R - a ring of see invisible
Wands
 J - a wand of flame (28)
Scrolls
 f - 4 scrolls of teleportation {unknown}
 g - 2 scrolls of enchant weapon {unknown}
 i - 2 scrolls of blinking {unknown}
 j - 2 scrolls of fear {unknown}
 l - 3 scrolls of immolation
 o - 2 scrolls of silence {unknown}
 p - a scroll of acquirement {unknown}
 q - 5 scrolls of amnesia
 z - 3 scrolls of vulnerability
 B - a scroll of torment {unknown}
 D - 4 scrolls of noise {unknown}
 H - a scroll of holy word {unknown}
 L - 2 scrolls of fog {unknown}
 P - a scroll of magic mapping {unknown}
 Q - 2 scrolls of identify
Potions
 d - a potion of might
 e - 4 potions of haste
 r - a potion of lignification
 s - 3 potions of magic
 u - 6 potions of resistance
 v - a potion of mutation {unknown}
 F - a potion of invisibility
 I - a potion of flight {unknown}
 N - 2 potions of brilliance {unknown}


   Skills:
 + Level 14.5 Fighting
 - Level 6.7(10.4) Axes
 - Level 12.3(13.0) Polearms
 - Level 11.3 Armour
 + Level 12.1 Shields


You had 11 spell levels left.
You didn't know any spells.
Your spell library contained the following spells:

 Spells                   Type           Power      Damage    Failure   Level
 Apportation              Tloc           0%         N/A       45%         1
 Magic Dart               Conj           0%         1d3       45%         1
 Summon Small Mammal      Summ           0%         N/A       45%         1
 Call Imp                 Summ           0%         N/A       61%         2
 Ensorcelled Hibernation  Hex/Ice        0%         N/A       61%         2
 Passwall                 Tmut/Erth      0%         N/A       61%         2
 Call Canine Familiar     Summ           0%         N/A       83%         3
 Dazzling Flash           Conj/Hex       0%         N/A       83%         3
 Mephitic Cloud           Conj/Pois/Air  0%         N/A       83%         3
 Portal Projectile        Hex/Tloc       0%         N/A       83%         3
 Summon Guardian Golem    Hex/Summ       0%         N/A       83%         3
 Swiftness                Air            0%         N/A       83%         3
 Leda's Liquefaction      Hex/Erth       0%         N/A       99%         4
 Agony                    Necr           0%         N/A       100%        5
 Alistair's Intoxication  Tmut/Pois      0%         N/A       100%        5
 Silence                  Hex/Air        0%         N/A       100%        5


Dungeon Overview and Level Annotations

Branches:
Dungeon (11/15)            Temple (0/1) D:6            Lair (3/6) D:8
 Shoals (0/4) Lair:2       Spider (0/4) Lair:3          Orc (0/2) D:10
  Sewer (visited)

Altars:
Cheibriados
Elyvilon
Hepliaklqana
Nemelex Xobeh
Okawaru
Qazlal
Ru
Uskayaw
Vehumet
Wu Jian
Xom
Yredelemnul
Zin

Shops:
D:6 (

Portals:
Trove: D:10 (give +5 demon whip)

Annotations:
D:11 Lodul


Innate Abilities, Weirdness & Mutations

You have a pair of horns on your head.
You reflexively headbutt those who attack you in melee.


Message History

You feel more protected from physical attacks.
The six-headed hydra bites you but does no damage.
The tarantella barely misses you.
You puncture the six-headed hydra!
The six-headed hydra is heavily wounded.
The six-headed hydra bites you.
You feel more protected from physical attacks.
The six-headed hydra closely misses you.
The six-headed hydra bites you! x2
The six-headed hydra closely misses you.
The six-headed hydra bites you but does no damage.
You feel much better. The tarantella touches you! The tarantella touches you.
The six-headed hydra bites you! The six-headed hydra barely misses you.
The six-headed hydra bites you.
You feel more protected from physical attacks.
The six-headed hydra bites you. The six-headed hydra barely misses you.
The six-headed hydra bites you!
You are too confused!
You feel better. The tarantella touches you!
You block the six-headed hydra's attack.
The six-headed hydra bites you!
* * * LOW HITPOINT WARNING * * *
You feel more protected from physical attacks.
The six-headed hydra closely misses you.
The six-headed hydra bites you!
* * * LOW HITPOINT WARNING * * *
You block the six-headed hydra's attack.
The six-headed hydra bites you!
* * * LOW HITPOINT WARNING * * *
You hit the six-headed hydra.
The six-headed hydra is heavily wounded.
The tarantella barely misses you. You furiously retaliate!
You headbutt the tarantella. You hit the six-headed hydra.
You headbutt the six-headed hydra!
The six-headed hydra is almost dead.
The tarantella touches you but does no damage.
You block the six-headed hydra's attack.
The six-headed hydra bites you but does no damage.
The six-headed hydra bites you.
You die...

#...#.###.##
##.#......P#
#.......#
#....###...#
#.#### ##...
#..# .. #
####.## .
#.#8DF.#
#.s@#.##
#.[†.##8###
.).# ### #.
##########
###


You could see a six-headed hydra, a cane toad and a tarantella.

Vanquished Creatures
  3 hydras
  4 two-headed ogres
  Amaemon (Lair:3)
  A cyclops (D:9)
  3 black mambas
  5 cane toads
  An orange demon (Lair:3)
  2 unseen horrors (D:10)
  Psyche (D:11)
  7 komodo dragons
  Maggie (Lair:2)
  Grinder (Sewer)
  10 blink frogs
  A tarantella (Lair:3)
  2 shadows
  2 wyverns
  18 yaks
  6 water moccasins
  3 black bears
  An orc warrior (D:7)
  2 sky beasts (D:5)
  An ice beast (D:6)
  3 ogres
  A wolf (D:8)
  A phantom (D:9)
  3 kobold brigands
  11 bullfrogs
  Blork the orc (D:6)
  2 gnoll sergeants
  5 scorpions
  A necrophage (D:4)
  7 wights
  A troll zombie (D:10)
  5 killer bees (D:8)
  7 electric eels
  10 hounds
  2 quasits (Sewer)
  A jelly (D:6)
  An orc priest (D:10)
  2 iguanas (D:5)
  12 orc wizards
  7 ogre zombies (D:10)
  9 gnolls
  10 adders
  5 shadow imps
  2 white imps
  5 ufetubi
  An adder zombie (Sewer)
  2 worms
  4 dart slugs
  37 orcs
  13 ball pythons
  12 endoplasms
  6 giant cockroaches
  2 hobgoblins (D:1)
  8 jackals
  31 kobolds
  4 quokkas
  10 bats
  2 frilled lizards
  9 goblins
  3 goblin skeletons (D:10)
  3 goblin zombies (D:10)
  A hobgoblin skeleton (D:10)
  2 hobgoblin zombies (D:10)
  A kobold zombie (Sewer)
  An orc skeleton (D:10)
  15 orc zombies (D:10)
  5 rats
  2 bushes (Lair:2)
364 creatures vanquished.

Vanquished Creatures (others)
  7 fungi
  32 plants
39 creatures vanquished.

Grand Total: 403 creatures vanquished

Notes
Turn   | Place    | Note
-------+----------+-------------------------------------------
     0 | D:1      | rabbitsville the Minotaur Fighter began the quest for the
                  | Orb.
     0 | D:1      | Reached XP level 1. HP: 19/19 MP: 0/0
   278 | D:1      | Reached XP level 2. HP: 27/27 MP: 1/1
   300 | D:1      | Reached skill level 4 in Fighting
   621 | D:1      | Reached XP level 3. HP: 19/33 MP: 2/2
   912 | D:1      | Found a faded altar of an unknown god.
  2077 | D:2      | Reached XP level 4. HP: 36/41 MP: 3/3
  2289 | D:3      | Reached skill level 5 in Axes
  2308 | D:3      | Reached XP level 5. HP: 38/47 MP: 4/4
  2323 | D:3      | Reached skill level 5 in Fighting
  2493 | D:3      | Found a stormy altar of Qazlal.
  2502 | D:3      | Became a worshipper of Qazlal Stormbringer
  2615 | D:3      | Found a hazy altar of Hepliaklqana.
  3414 | D:4      | Reached XP level 6. HP: 44/56 MP: 5/5
  3602 | D:4      | You fall into a shaft and drop 3 floors!
  3645 | D:7      | Identified the +4 spear of the Gloaming {vorpal, Int+2}
  3667 | D:7      | Reached skill level 1 in Polearms
  3769 | D:7      | Noticed an orc warrior
  3807 | D:7      | Killed an orc warrior
  3808 | D:7      | Reached skill level 6 in Fighting
  3808 | D:7      | Reached XP level 7. HP: 34/63 MP: 6/6
  3897 | D:6      | Found a staircase to the Ecumenical Temple.
  3960 | D:6      | Found a hide-covered altar of Uskayaw.
  3978 | D:6      | Reached skill level 5 in Shields
  3999 | D:6      | Reached * piety under Qazlal
  4014 | D:6      | Noticed Blork the orc
  4046 | D:6      | Killed Blork the orc
  4071 | D:6      | Found Maenekek's Weapon Boutique.
  4330 | D:6      | Found a shimmering altar of Xom.
  4331 | D:6      | Found a shimmering altar of Xom.
  4331 | D:6      | Found a shimmering altar of Xom.
  4332 | D:6      | Found a shimmering altar of Xom.
  4337 | D:6      | Reached skill level 5 in Polearms
  4343 | D:6      | Reached XP level 8. HP: 71/71 MP: 7/7
  4343 | D:6      | Found a shimmering altar of Xom.
  4346 | D:6      | Found a shimmering altar of Xom.
  4346 | D:6      | Found a shimmering altar of Xom.
  4354 | D:6      | Found a glowing drain.
  4366 | Sewer    | Entered a sewer
  4410 | Sewer    | Reached skill level 7 in Fighting
  4501 | Sewer    | Reached ** piety under Qazlal
  4505 | Sewer    | Found a burning altar of Makhleb.
  4564 | Sewer    | Noticed Grinder
  4574 | Sewer    | Killed Grinder
  5564 | D:5      | Entered Level 5 of the Dungeon
  5758 | D:5      | Reached skill level 8 in Fighting
  6149 | D:4      | Reached XP level 9. HP: 81/81 MP: 8/8
  6176 | D:4      | Found a sacrificial altar of Ru.
  6572 | D:5      | Found an iron altar of Okawaru.
  7031 | D:5      | Reached *** piety under Qazlal
  7344 | D:7      | Found a sparkling altar of Nemelex Xobeh.
  7934 | D:8      | Reached skill level 9 in Fighting
  7935 | D:8      | HP: 2/79 [wight/+0 morningstar (3)]
  8048 | D:8      | Found a glowing silver altar of Zin.
  8162 | D:8      | Reached skill level 10 in Polearms
  8331 | D:8      | Reached skill level 5 in Armour
  8554 | D:8      | Reached **** piety under Qazlal
  8633 | D:8      | Reached XP level 10. HP: 91/91 MP: 9/9
  8644 | D:8      | Found a staircase to the Lair.
  8884 | D:9      | Found a basalt altar of Yredelemnul.
  8895 | D:9      | Noticed a two-headed ogre
  8930 | D:9      | Killed a two-headed ogre
  9246 | D:9      | Noticed a cyclops
  9273 | D:9      | Killed a cyclops
  9274 | D:9      | Reached skill level 10 in Fighting
  9388 | D:9      | Noticed a two-headed ogre
  9409 | D:9      | Killed a two-headed ogre
  9699 | D:10     | Entered Level 10 of the Dungeon
  9742 | D:10     | Noticed a two-headed ogre
  9754 | D:10     | Killed a two-headed ogre
  9755 | D:10     | Reached skill level 11 in Fighting
  9755 | D:10     | Reached XP level 11. HP: 81/102 MP: 10/10
  9780 | D:10     | Found an ornate altar of the Wu Jian Council.
 10055 | D:10     | Noticed a two-headed ogre
 10100 | D:9      | Reached skill level 10 in Armour
 10146 | D:9      | Killed a two-headed ogre
 10359 | D:10     | Found a staircase to the Orcish Mines.
 10379 | D:10     | Reached ***** piety under Qazlal
 10442 | D:10     | Found a radiant altar of Vehumet.
 10866 | D:10     | Found a snail-covered altar of Cheibriados.
 10959 | D:10     | Found a portal to a secret trove of treasure.
 11325 | D:11     | Noticed Psyche
 11342 | D:11     | Killed Psyche
 11457 | D:11     | Noticed a two-headed ogre
 11457 | D:11     | Noticed a two-headed ogre
 11457 | D:11     | Noticed a two-headed ogre
 11460 | D:11     | Noticed Lodul
 11460 | D:11     | Noticed a two-headed ogre
 11646 | Lair:1   | Entered Level 1 of the Lair of Beasts
 11805 | Lair:1   | Noticed a six-headed hydra
 11825 | Lair:1   | Killed a six-headed hydra
 12084 | Lair:1   | Noticed a six-headed hydra
 12091 | Lair:1   | Killed a six-headed hydra
 12102 | Lair:1   | Reached skill level 12 in Fighting
 12447 | Lair:2   | Noticed Maggie
 12458 | Lair:2   | Killed Maggie
 12678 | Lair:2   | Reached skill level 10 in Shields
 12683 | Lair:2   | Reached skill level 13 in Fighting
 12775 | Lair:2   | Reached XP level 12. HP: 115/115 MP: 11/11
 12864 | Lair:2   | Found a staircase to the Shoals.
 13163 | Lair:2   | Found a white marble altar of Elyvilon.
 13510 | Lair:3   | Noticed a six-headed hydra
 13520 | Lair:3   | Noticed Amaemon
 13633 | Lair:3   | Noticed a six-headed hydra
 13647 | Lair:3   | Killed a six-headed hydra
 13648 | Lair:3   | Reached skill level 14 in Fighting
 13846 | Lair:3   | Killed Amaemon
 13880 | Lair:3   | Found a hole to the Spider Nest.
 13918 | Lair:3   | Found a runed translucent door.
 13929 | Lair:3   | Found the +8 whip "Snakebite" {venom, curare, rPois}
 13952 | Lair:3   | HP: 3/118 [six-headed hydra (11)]
 13954 | Lair:3   | Slain by a six-headed hydra

Illustrated notes

Levels and vault maps discovered:
D:1:      onia_arrival_mini_spirals, layout_basic,
          shapermc_ecumenical_altar_pompeii, hangedman_abyss_or_decor_stabs
D:2:      layout_basic
D:3:      layout_basic, mainiacjoe_overflow_surrounded_room,
          worldfamousw_hep_ancestral_shrine
D:4:      layout_layer_cave, hangedman_ru_absence,
          amcnicky_mini_corridor_feature, kennysheep_small_square
D:5:      layout_basic, mainiacjoe_overflow_catwalk, hangedman_decor_lopped,
          hangedman_abyss_or_decor_stagger, kennysheep_generic_room_10
D:6:      layout_basic, overflow_temple_1_default, nicolae_xom_altar_mimics,
          temple_doors_e, portal_sewer_entry_f, serial_shops, shop,
          minmay_chambers_of_fives, uniq_blork_the_orc
D:7:      layout_basic, nemelex_dance_club_becter
D:8:      layout_rooms, zin_statuary, erik_lair_island
D:9:      layout_basic, amcnicky_altar_gilded, wad_woods_river_04
D:10:     layout_basic, mainiacjoe_overflow_small_starburst,
          mainiacjoe_overflow_concentric_impassable, slow_altar_2,
          zombieorc2_lemuel, nicolae_trove_entry_crossroad
D:11:     giant_chief_lemuel, layout_loops_ring, chequers_serial_rivers_small_a,
          uniq_harold, uniq_psyche, uniq_lodul
Lair:1:   layout_cave_pods
Lair:2:   layout_regular_city, elwin_shoals_entry_rocks, basic_altar,
          lemuel_fruit_tree, uniq_maggie
Lair:3:   gammafunk_indiana_jones, layout_cave_pods, dummy_spider_entry,
          grunt_megastairs_3, uniq_amaemon, uniq_gastronok

Skill      XL: |  1  2  3  4  5  6  7  8  9 10 11 12 |
---------------+-------------------------------------+-----
Axes           | 3 4 5 6 |  6.7
Fighting       | 4 5 6 8 9 11 13 14 | 14.5
Shields        | 4 5 7 8 10 12 | 12.1
Polearms       | 2 5 8 10 11 12 | 12.3
Armour         | 5 9 11 | 11.3

Action                   |  1- 3 |  4- 6 |  7- 9 | 10-12 || total
-------------------------+-------+-------+-------+-------++-------
Melee: War axe           |    89 |   113 |       |       ||   202
       Headbutt          |     9 |    18 |    47 |   219 ||   293
       Spear             |       |    25 |   454 |   734 ||  1213
Throw: Dart              |       |       |     5 |    37 ||    42
  Use: Potion            |       |     1 |     5 |     6 ||    12
       Scroll            |       |       |     6 |     3 ||     9
Armor: Scale mail        |    59 |    63 |   103 |    79 ||   304
       Chain mail        |       |       |       |    14 ||    14
       Leather armour    |       |       |       |    10 ||    10
Dodge: Dodged            |    39 |    49 |   125 |    86 ||   299
       Repelled          |       |       |       |     1 ||     1
Block: Buckler           |    17 |    27 |   122 |   151 ||   317

Table legend: (Time is in decaauts)
 A = Elapsed time spent in this place.
 B = Non-inter-level travel time spent in this place.
 C = Inter-level travel time spent in this place.
 D = Time resting spent in this place.
 E = Time spent auto-exploring this place.
 F = Levels seen in this place.
 G = Mean time per level.
                   A        B        C        D        E       F      G
               +--------+--------+--------+--------+--------+-----+--------+
         Total |  13572 |  12659 |    913 |   1212 |   5371 |  15 |  904.8 |
       Dungeon |  11003 |  10185 |    818 |   1126 |   4353 |  11 | 1000.3 |
          Lair |   2153 |   2058 |     95 |     69 |    887 |   3 |  717.7 |
         Sewer |    415 |    415 |      0 |     17 |    130 |   1 |  415.0 |
               +--------+--------+--------+--------+--------+-----+--------+

Top non-repeatable levels by time:
    D:10: 1441 daAuts
     D:6: 1216 daAuts
     D:2: 1157 daAuts
     D:1: 1138 daAuts
     D:7: 1116 daAuts
  Lair:2: 1073 daAuts
     D:4: 1058 daAuts
     D:3: 970 daAuts
     D:8: 968 daAuts
     D:9: 965 daAuts
     D:5: 777 daAuts
  Lair:1: 760 daAuts
   Sewer: 415 daAuts
  Lair:3: 319 daAuts
    D:11: 193 daAuts
